 Dungeon Crawl Stone Soup version 0.27-a0-1525-g1038ab4fd7 (webtiles) character file.

Game seed: 839032617483230843

5 nyamberluvr69 the Insei (level 1, 0/17 HPs)
             Began as a Djinni Transmuter on July 10, 2021.
             Slain by a kobold (4 damage)
             ... on level 1 of the Dungeon.
             The game lasted 00:00:26 (241 turns).

nyamberluvr69 the Insei (Djinni Transmuter)          Turns: 241, Time: 00:00:26

Health: 0/17       AC:  2    Str:  9    XL:     1   Next: 88%
Gold:   0          EV: 12    Int: 14    God:
                   SH:  0    Dex: 13

rFire    + + .     SeeInvis .     - Unarmed
rCold    x . .     Faith    .   (no shield)
rNeg     . . .     Spirit   .   a - +0 robe
rPois    ∞         Reflect  .   (no helmet)
rElec    .         Harm     .   (no cloak)
rCorr    .         Rampage  .   (no gloves)
Will     .....                  (boots unavailable)
Stlth    +.........             (no amulet)
HPRegen  0.05/turn              (no ring)
MPRegen  0.00/turn              (no ring)

@: flying
A: sickness immunity, fire resistance 2, cold vulnerability 1, float, innate
caster, hp casting, extra vitality 1
a: no special abilities


You were on level 1 of the Dungeon.
You visited 1 branch of the dungeon, and saw 1 of its levels.

Inventory:

Armour
 a - a +0 robe (worn)
Scrolls
 b - a scroll of blinking {unknown}


   Skills:
 + Level 1.4 Fighting
 - Level 2.1 Dodging
 + Level 3.2 Unarmed Combat
 - Level 1.5 Spellcasting


You couldn't memorise any spells.
You knew the following spells:

 Your Spells              Type           Power      Damage    Failure   Level
a - Beastly Appendage     Tmut           10%        N/A       13%         1
b - Wereblood             Tmut           5%         N/A       21%         2
c - Spider Form           Tmut/Pois      2%         N/A       36%         3
d - Ice Form              Ice/Tmut       5%         N/A       78%         4
Your spell library was empty.

Dungeon Overview and Level Annotations

Branches:
Dungeon (1/15)

Altars:


Innate Abilities, Weirdness & Mutations

You are immune to sickness and miasma.
You are immune to poison.
Your flesh is very heat resistant. (rF++)
You are vulnerable to cold. (rC-)
You float through the air rather than walking.
You learn spells naturally, not from books.
Your magical power is your life essence.
You have superior vitality. (+4 HP)


Message History

The bat hits you but does no damage. The bat misses you.
You hit the bat.
You kill the bat!
No target in view!
No target in view! 2 kobolds come into view.
The kobold shouts! x2
A goblin comes into view. It is wielding a +0 dagger.
Found 13 stones.
You grow a pair of large bovine horns.
The goblin shouts!
Your transformation is almost over.
The kobold barely misses you.
You barely miss the kobold. Your headbutt misses the kobold.
The kobold hits you with a +0 whip.
You hit the kobold but do no damage. You barely miss the kobold.
The kobold hits you with a +0 whip.
You barely miss the kobold. The kobold barely misses you.
You hit the kobold but do no damage. The kobold hits you with a +0 whip.
You are too injured to fight recklessly!
You are too injured to fight recklessly!
You barely miss the kobold. The kobold hits you with a +0 whip.
* * * LOW HITPOINT WARNING * * *
You barely miss the kobold. You headbutt the kobold.
You kill the kobold!
You hit the goblin.
You kill the goblin!
You closely miss the kobold.
Your horns disappear.
The kobold hits you but does no damage.
You hit the kobold.
The kobold is heavily wounded.
The kobold closely misses you.
You closely miss the kobold.
The kobold is heavily wounded.
The kobold closely misses you.
You hit the kobold but do no damage.
The kobold is heavily wounded.
The kobold hits you with a +0 club.
You die...

#......# ...
##'##### ..
#.######
..#####......#####
>................
#.#######.#.###.
#.#.....#.# #
#.....#†..#
###@#.#####
#K#.......#
#.######### ...
... ..(.. .....
.......


You could see a kobold.

Vanquished Creatures
  A bat (D:1)
  A goblin (D:1)
  A quokka (D:1)
  A frilled lizard (D:1)
  A kobold (D:1)
5 creatures vanquished.

Notes
Turn   | Place    | Note
-------+----------+-------------------------------------------
     0 | D:1      | nyamberluvr69 the Djinni Transmuter began the quest for the
                  | Orb.
     0 | D:1      | Reached XP level 1. HP: 17/17 MP: 0/0
   241 | D:1      | Slain by a kobold

Illustrated notes

Levels and vault maps discovered:
D:1:      sevenhm_arrival_forest_fort_large_2, layout_basic, serial_shops,
          nicolae_square_shop

Action                   || total
-------------------------++-------
Melee: Unarmed           ||    30
       Headbutt          ||     4
 Cast: Beastly Appendage ||     2
Armor: Robe              ||     7
Dodge: Dodged            ||    28

Table legend: (Time is in decaauts)
 A = Elapsed time spent in this place.
 B = Non-inter-level travel time spent in this place.
 C = Inter-level travel time spent in this place.
 D = Time resting spent in this place.
 E = Time spent auto-exploring this place.
 F = Levels seen in this place.
 G = Mean time per level.
                   A        B        C        D        E       F      G
               +--------+--------+--------+--------+--------+-----+--------+
         Total |    239 |    239 |      0 |      0 |    196 |   1 |  239.0 |
       Dungeon |    239 |    239 |      0 |      0 |    196 |   1 |  239.0 |
               +--------+--------+--------+--------+--------+-----+--------+

Top non-repeatable levels by time:
     D:1: 239 daAuts
